 Dungeon Crawl Stone Soup version 0.30.1-11-g7821555f0a (webtiles) character file.

Game seed: 4132772124590547006

2991 porpoise the Skirmisher (level 9, -4/83 HPs)
             Began as a Minotaur Hunter on Jan 3, 2024.
             Slain by a wolf (7 damage)
             ... led by Grum
             ... on level 8 of the Dungeon.
             The game lasted 00:20:30 (6428 turns).

porpoise the Skirmisher (Minotaur Hunter)           Turns: 6428, Time: 00:20:30

Health: -4/83      AC:  7    Str: 16    XL:     9   Next: 54%
Magic:  8/8        EV: 12    Int:  6    God:
Gold:   225        SH:  0    Dex: 18    Spells: 8/8 levels left

rFire   . . .        b - +0 broad axe (venom)
rCold   . . .        (no shield)
rNeg    + . .        I - +3 leather armour {rN+}
rPois   .            (helmet restricted)
rElec   .            y - +0 cloak
rCorr   .            (no gloves)
SInv    .            (no boots)
Will    .....        (no amulet)
Stlth   ++           (no ring)
HPRegen 0.33/turn    (no ring)
MPRegen 0.11/turn

%: no passive effects
@: no status effects
A: horns 2, retaliatory headbutt
a: no special abilities


You were on level 8 of the Dungeon.
You visited 2 branches of the dungeon, and saw 9 of its levels.

You collected 442 gold pieces.
You spent 217 gold pieces at shops.

Inventory:

Hand Weapons
 a - a +0 heavy shortbow
 b - a +0 broad axe of venom (weapon)
 w - a +5 shortbow
 B - a +2 battleaxe of electrocution
 E - a +0 arbalest
Missiles
 f - 12 poisoned darts
 m - 2 boomerangs of dispersal
 o - 4 boomerangs
 F - 2 silver boomerangs
Armour
 y - a +0 cloak (worn)
 I - a +3 leather armour of positive energy (worn)
Jewellery
 i - an amulet of magic regeneration
 l - a ring of protection from cold
Wands
 A - a wand of iceblast (3)
 C - a wand of charming (10)
Scrolls
 c - a scroll of teleportation
 d - a scroll of enchant weapon {unknown}
 h - a scroll of silence
 j - a scroll of noise
 n - 2 scrolls of magic mapping
 r - a scroll of amnesia {unknown}
 s - a scroll of immolation
 t - a scroll of vulnerability {unknown}
 v - a scroll of fog {unknown}
 x - a scroll of brand weapon
 H - a scroll of poison {unknown}
Potions
 e - a potion of haste
 g - 2 potions of heal wounds
 k - 3 potions of lignification
 p - 2 potions of might
 q - 3 potions of resistance
 u - 3 potions of attraction
 D - a potion of flight
 G - a potion of berserk rage {unknown}


   Skills:
 - Level 9.0 Fighting
 + Level 7.0 Axes
 + Level 10.2 Ranged Weapons
 - Level 5.0 Armour
 - Level 2.1 Dodging
 - Level 0.7 Stealth


You had 8 spell levels left.
You didn't know any spells.
Your spell library contained the following spells:

 Spells                   Type           Power      Damage    Failure   Level
 Sandblast                Erth           0%         2d4       52%         1
 Passwall                 Tmut/Erth      0%         N/A       65%         2
 Static Discharge         Conj/Air       0%         2-2/arc   65%         2
 Gell's Gravitas          Tloc           0%         N/A       87%         3
 Ozocubu's Armour         Ice            0%         N/A       87%         3
 Stone Arrow              Conj/Erth      0%         3d7       87%         3
 Teleport Other           Tloc           0%         N/A       87%         3
 Vhi's Electric Charge    Tloc/Air       0%         N/A       87%         3
 Airstrike                Air            0%         2d(0-16)  99%         4
 Animate Armour           Summ/Erth      0%         N/A       99%         4
 Summon Lightning Spire   Summ/Air       0%         N/A       99%         4
 Arcjolt                  Conj/Air       0%         1d10      100%        5
 Blade Hands              Tmut           0%         N/A       100%        5
 Metabolic Englaciation   Hex/Ice        0%         N/A       100%        5
 Dispersal                Tloc           0%         N/A       100%        6
 Iron Shot                Conj/Erth      0%         9d1       100%        6
 Simulacrum               Ice/Necr       0%         N/A       100%        6
 Maxwell's Capacitive Co  Air            0%         ∞         100%        8


Dungeon Overview and Level Annotations

Branches:
Dungeon (8/15)             Temple (1/1) D:6
   Lair: D:8-11

Altars:
Ashenzari
Cheibriados
Elyvilon
Fedhas
Gozag
Kikubaaqudgha
Makhleb
Nemelex Xobeh
Okawaru
Qazlal
Ru
Sif Muna
Trog
Vehumet
Xom
Yredelemnul
Zin
The Shining One

Shops:
D:1 *   D:5 (==([

Annotations:
D:7 1 runed translucent door
D:8 Grum


Innate Abilities, Weirdness & Mutations

You have a pair of horns on your head.
You reflexively headbutt those who attack you in melee.


Message History

The wolf barely misses you. You furiously retaliate!
You headbutt the wolf. You barely miss the wolf.
The wolf is lightly wounded.
Grum barely misses you. The wolf closely misses you.
Grum hits you from afar with a -2 vampiric spear!
You barely miss the wolf. You headbutt the wolf.
The wolf is moderately wounded.
You barely miss the wolf. You closely miss the wolf.
The wolf bites you but does no damage. The wolf barely misses you.
You furiously retaliate!
You headbutt the wolf! The wolf bites you. The wolf barely misses you.
You furiously retaliate!
You headbutt the wolf!
The wolf bites you but does no damage. x2
Grum hits you from afar with a -2 vampiric spear!
You barely miss the wolf.
The wolf is moderately wounded.
You hit the wolf. You closely miss the wolf. The wolf bites you!
The wolf completely misses you. The wolf bites you. The wolf bites you!
The wolf barely misses you. Grum closely misses you.
The wolf completely misses you. You furiously retaliate!
You headbutt the wolf! You slice the wolf!!
You kill the wolf!
You closely miss the wolf. You barely miss the wolf. The wolf bites you. x4
Grum hits you from afar with a -2 vampiric spear.
* * * LOW HITPOINT WARNING * * *
The wolf bites you.
* * * LOW HITPOINT WARNING * * *
The wolf closely misses you. You furiously retaliate!
You headbutt the wolf.
Training target 9.0 for Fighting reached!
Your Fighting skill increases to level 9!
Your Axes skill increases to level 7!
The wolf bites you.
* * * LOW HITPOINT WARNING * * *
The wolf closely misses you.
Grum hits you from afar with a -2 vampiric spear!
* * * LOW HITPOINT WARNING * * *
The wolf barely misses you. The wolf closely misses you.
You furiously retaliate!
You headbutt the wolf, but do no damage.
The wolf bites you!
You die...

..##.....
....... #
...... .#.
..... ....
#... .#...
#g.
......#h##
......h@h#
......#.)...#
#...# #..##.#
... ...# # #
.... ......
......
......#.


You could see Grum and 3 wolves.

Vanquished Creatures
  Joseph (D:7)
  Maggie (D:6)
  A hornet (D:7)
  2 orc warriors (D:6)
  2 water moccasins (D:7)
  3 black bears
  A wolf (D:8)
  An ogre (D:6)
  A phantom (D:5)
  A centaur (D:6)
  3 bullfrogs
  A scorpion (D:5)
  2 howler monkeys (D:7)
  3 hounds
  5 orc priests
  A sleepcap (D:5)
  3 jellies
  Jessica (D:2)
  6 orc wizards
  2 iguanas
  8 adders
  2 shadow imps
  3 white imps
  An ufetubus (D:5)
  A worm (D:2)
  3 dart slugs
  41 orcs
  6 ball pythons
  6 endoplasms
  9 goblins
  3 hobgoblins
  2 jackals (D:3)
  3 quokkas
  4 bats
  5 frilled lizards
  A jackal skeleton (D:7)
  A jackal zombie (D:7)
  8 kobolds
  7 rats
155 creatures vanquished.

Notes
Turn   | Place    | Note
-------+----------+-------------------------------------------
     0 | D:1      | porpoise the Minotaur Hunter began the quest for the Orb.
     0 | D:1      | Reached XP level 1. HP: 18/18 MP: 0/0
   206 | D:1      | Found Lenaubuu's Assorted Antiques.
   253 | D:1      | You fall into a shaft and drop 1 floor!
   289 | D:2      | Reached XP level 2. HP: 25/25 MP: 1/1
   370 | D:2      | Reached skill level 1 in Armour
   372 | D:2      | Noticed Jessica
   375 | D:2      | Killed Jessica
   376 | D:2      | Reached skill level 5 in Ranged Weapons
   376 | D:2      | Reached XP level 3. HP: 31/31 MP: 2/2
   892 | D:2      | Reached XP level 4. HP: 38/38 MP: 3/3
  1536 | D:3      | Reached XP level 5. HP: 45/45 MP: 4/4
  1748 | D:3      | Found a faded altar of an unknown god.
  1779 | D:3      | Reached skill level 6 in Ranged Weapons
  1998 | D:4      | Reached XP level 6. HP: 13/52 MP: 5/5
  2505 | D:1      | Bought 3 scrolls labelled AGRIR TA OXO for 66 gold pieces
  2505 | D:1      | Bought a smoky inky potion for 19 gold pieces
  3073 | D:5      | Entered Level 5 of the Dungeon
  3136 | D:5      | Found Paqiaxzin's Jewellery Boutique.
  3137 | D:5      | Found Jokkub's Jewellery Boutique.
  3188 | D:5      | Reached skill level 7 in Ranged Weapons
  3253 | D:5      | Found Tohe Rafu's Weapon Shop.
  3292 | D:5      | Reached XP level 7. HP: 55/60 MP: 6/6
  3399 | D:5      | Reached skill level 5 in Fighting
  3497 | D:5      | Reached skill level 1 in Axes
  3810 | D:5      | Found Anoav's Antique Weapon Emporium.
  3813 | D:5      | Bought a runed shortbow for 132 gold pieces
  3818 | D:5      | Found Gawuf's Antique Armour Emporium.
  4025 | D:6      | Noticed Maggie
  4036 | D:6      | Killed Maggie
  4037 | D:6      | Reached skill level 8 in Ranged Weapons
  4037 | D:6      | Reached skill level 5 in Armour
  4037 | D:6      | Reached XP level 8. HP: 33/70 MP: 7/7
  4287 | D:6      | Found a staircase to the Ecumenical Temple.
  4311 | Temple   | Entered the Ecumenical Temple
  4415 | D:6      | Found a glowing silver altar of Zin.
  5115 | D:7      | Reached skill level 9 in Ranged Weapons
  5240 | D:7      | Reached skill level 5 in Axes
  5346 | D:7      | Found an ancient bone altar of Kikubaaqudgha.
  5533 | D:7      | Reached XP level 9. HP: 40/81 MP: 8/8
  5778 | D:7      | Noticed Joseph
  5787 | D:7      | Killed Joseph
  6023 | D:7      | Found a runed translucent door.
  6031 | D:7      | Reached skill level 10 in Ranged Weapons
  6065 | D:7      | Found a basalt altar of Yredelemnul.
  6416 | D:8      | Noticed Grum
  6428 | D:8      | HP: 3/83 [Grum/-2 vampiric spear (11)]
  6428 | D:8      | Slain by a wolf

Illustrated notes

Levels and vault maps discovered:
D:1:      minmay_arrival_jagged, layout_loops_ring, serial_shops,
          nicolae_diamond_shop
D:2:      layout_rooms, hangedman_decor_growths, uniq_jessica
D:3:      layout_basic, basic_ecumenical_altar, minmay_goblin_outpost
D:4:      layout_layer_cave
D:5:      layout_gridville, serial_shops, nicolae_shop_overgrown_old_shop, shop,
          nicolae_shop_behind_doors, shop_coins, shop
D:6:      layout_cave_pods, mainiacjoe_overflow_chevrons,
          minmay_temple_entry_glass, serial_glass, glass_columns_b,
          glass_columns_a, lightli_minifort, uniq_maggie
D:7:      layout_basic, mainiacjoe_overflow_six_doors_small,
          dk_yredelemnul_ordeal, uniq_joseph
D:8:      layout_cave_pools, overflow_temple_1_default,
          nicolae_dithmenos_the_darkroom, nzn_hepliaklqana_mist_gate, uniq_grum
Temple:   nicolae_temple_no_exploring_needed

Skill      XL: |  1  2  3  4  5  6  7  8  9 |
---------------+----------------------------+-----
Armour         | 1 2 3 4 5 |  5.0
Fighting       | 3 4 6 7 9 |  9.0
Ranged Weapons | 5 6 7 8 9 10 | 10.2
Axes           | 2 5 7 |  7.0
Dodging        | |  2.1
Stealth        | |  0.7

Action                     |  1- 3 |  4- 6 |  7- 9 || total
---------------------------+-------+-------+-------++-------
  Melee: Dagger            |       |     7 |       ||     7
         Headbutt          |       |     1 |    19 ||    20
         Broad axe         |       |       |    64 ||    64
         Punch             |       |       |     2 ||     2
   Fire: Shortbow          |    63 |   154 |   105 ||   322
         Arbalest          |       |       |     6 ||     6
    Use: Scroll            |       |     6 |     9 ||    15
         Potion            |       |       |     3 ||     3
 Armour: Leather armour    |     3 |     1 |    16 ||    20
         Ring mail         |       |    35 |    27 ||    62
  Dodge: Dodged            |    12 |    64 |    82 ||   158
